 Dungeon Crawl Stone Soup version 0.28.0-53-g5a82cb258f (webtiles) character file.

Game seed: 9976295600150567719

6566 DildoBatman the Protected (level 11, -3/87 HPs)
             Began as a Formicid Conjurer on July 2, 2022.
             Was a Priest of Kikubaaqudgha.
             Slain by a two-headed ogre
             ... wielding a +0 dire flail
              (22 damage)
             ... on level 9 of the Dungeon.
             The game lasted 00:40:15 (11629 turns).

DildoBatman the Protected (Formicid Conjurer)      Turns: 11629, Time: 00:40:16

Health: -3/87      AC: 14    Str: 10    XL:     11   Next: 21%
Magic:  18/21      EV: 10    Int: 20    God:    Kikubaaqudgha [***...]
Gold:   714        SH:  0    Dex: 15    Spells: 8/24 levels left

rFire   . . .      SeeInvis +   d - +0 great sword
rCold   . . .      Faith    +   (no shield)
rNeg    + . .      Spirit   .   u - +5 scale mail "Palen" {rN+ Int+2 Dex+2}
rPois   .          Reflect  .   (helmet unavailable)
rElec   .          Harm     .   (no cloak)
rCorr   .          Rampage  .   (no gloves)
Will    +....                   L - +0 pair of boots
Stlth   +.........              g - amulet of faith
HPRegen 0.24/turn               (no ring)
MPRegen 0.17/turn               (no ring)

@: no status effects
A: permanent stasis, dig shafts and tunnels, antennae 3, four strong arms, weak
1
a: Dig, Shaft Self, Renounce Religion, Receive Corpses


You were on level 9 of the Dungeon.
You worshipped Kikubaaqudgha.
Kikubaaqudgha was most pleased with you.
You visited 2 branches of the dungeon, and saw 11 of its levels.
You also visited: Sewer and Bailey.

You collected 714 gold pieces.

Inventory:

Hand Weapons
 a - a +7 morningstar
 b - the +1 shortbow of Extermination {vorpal, rElec}
   (You took it off a spriggan in a bailey)

   Any ammunition fired from it inflicts extra damage upon your enemies.
   rElec:     It insulates you from electricity.
 d - a +0 great sword (weapon)
 e - a +4 halberd of protection
Missiles
 c - 246 stones
 k - 18 poisoned darts
 p - 23 silver boomerangs
 q - 25 sling bullets
 w - 4 javelins
 F - 3 silver javelins
 K - 123 bolts
 N - 215 arrows
Armour
 n - a +1 robe of willpower
 u - the +5 scale mail "Palen" (worn) {rN+ Int+2 Dex+2}
   (You found it on level 3 of the Dungeon)

   Int:       It affects your intelligence (+2).
   Dex:       It affects your dexterity (+2).
   rN:        It protects you from negative energy.
 B - +0 acid dragon scales
 D - a +1 ring mail of poison resistance
 L - a +0 pair of boots (worn)
Jewellery
 g - an amulet of faith (around neck)
Wands
 v - a wand of acid (16)
 J - a wand of polymorph (5)
 M - a wand of iceblast (11)
 R - a wand of mindburst (10)
Scrolls
 h - a scroll of holy word {unknown}
 i - 6 scrolls of fear
 j - 2 scrolls of enchant weapon {unknown}
 s - 2 scrolls of summoning
 t - a scroll of immolation {unknown}
 x - 2 scrolls of fog {unknown}
 y - 3 scrolls of acquirement
 z - 4 scrolls of identify
 C - 7 scrolls of magic mapping
 E - 2 scrolls of vulnerability {unknown}
 G - 3 scrolls of blinking {unknown}
 I - 3 scrolls of teleportation {unknown}
 O - a scroll of enchant armour {unknown}
 P - a scroll of brand weapon {unknown}
Potions
 f - a potion of heal wounds
 l - 6 potions of curing
 m - 8 potions of flight
 o - a potion of ambrosia {unknown}
 r - a potion of brilliance {unknown}
 A - 2 potions of might {unknown}
 H - a potion of invisibility {unknown}
 Q - 2 potions of magic {unknown}
Miscellaneous
 S - a lightning rod (4/4)


   Skills:
 - Level 8.4 Fighting
 - Level 8.9 Armour
 - Level 5.6 Dodging
 - Level 2.4 Stealth
 - Level 7.0 Spellcasting
 - Level 6.0 Conjurations
 * Level 3.9 Necromancy
 - Level 1.2 Transmutations
 * Level 4.7 Earth Magic


You had 8 spell levels left.
You knew the following spells:

 Your Spells              Type           Power      Damage    Failure   Level
a - Borgnjor's Vile Clut  Necr/Erth      12%        N/A       91%         5
b - Wereblood             Tmut           11%        N/A       38%         2
c - Searing Ray           Conj           62%        2d6       6%          2
f - Magic Dart            Conj           100%       1d8       3%          1
h - Dispel Undead         Necr           22%        3d12      65%         4
z - Sublimation of Blood  Necr           22%        N/A       14%         2

Your spell library contained the following spells:

 Spells                   Type           Power      Damage    Failure   Level
 Animate Skeleton         Necr           44%        N/A       9%          1
 Pain                     Necr           88%        1d8       9%          1
 Corpse Rot               Necr/Air       28%        N/A       30%         2
 Dazzling Flash           Conj/Hex       38%        N/A       36%         3
 Animate Dead             Necr           11%        N/A       65%         4
 Fulminant Prism          Conj/Hex       9%         3d7       78%         4
 Iskenderun's Mystic Bla  Conj/Tloc      19%        2d6       78%         4
 Lee's Rapid Deconstruct  Erth           13%        3d10*     87%         5
 Death Channel            Necr           11%        N/A       100%        6
 Simulacrum               Ice/Necr       7%         N/A       100%        6
 Summon Hydra             Summ           3%         N/A       100%        7


Dungeon Overview and Level Annotations

Branches:
Dungeon (10/15)            Temple (1/1) D:4            Lair (0/6) D:9
    Orc (0/2) D:10          Sewer (visited)          Bailey (visited)

Altars:
Ashenzari
Cheibriados
Dithmenos
Elyvilon
Fedhas
Gozag
Hepliaklqana
Kikubaaqudgha
Makhleb
Nemelex Xobeh
Okawaru
Qazlal
Ru
Sif Muna
Trog
Uskayaw
Vehumet
Wu Jian
Xom
Yredelemnul
Zin
The Shining One

Shops:
D:4 (   D:7 [

Annotations:
D:4 exclusion: sensed monster (detected), Blork the orc
D:7 Joseph, Pikel
D:8 exclusion: komodo dragon
D:9 1 exclusion


Innate Abilities, Weirdness & Mutations

You cannot be hasted, slowed, berserked, paralysed or teleported.
You can dig through walls and to a lower floor.
You have a pair of large antennae on your head. (SInv)
Your four strong arms can wield two-handed weapons with a shield.
You are weak. (Str -2)


Message History

Confirm with . or Enter, or press ? or * to list all spells.
Aiming: Searing Ray (safe; 6% risk of failure)
Press: ? - help, Shift-Dir - straight line, f/p - two-headed ogre
Aim: a two-headed ogre, wielding a +0 dire flail and a +0 giant spiked club (heavily wounded, 90% to hit)
Okay, then.
Casting: Searing Ray (safe; 6% risk of failure)
Confirm with . or Enter, or press ? or * to list all spells.
The spell is extremely dangerous to miscast (91% risk of failure)!
Continue anyway?
Okay, then.
Casting: Borgnjor's Vile Clutch (extremely dangerous; 91% risk of failure)
Confirm with . or Enter, or press ? or * to list all spells.
Aiming: Searing Ray (safe; 6% risk of failure)
Press: ? - help, Shift-Dir - straight line, f/p - two-headed ogre
Aim: a two-headed ogre, wielding a +0 dire flail and a +0 giant spiked club (heavily wounded, 90% to hit)
The searing ray hits the two-headed ogre.
The two-headed ogre is heavily wounded. (Press . to maintain the ray.)
The two-headed ogre hits you with a +0 dire flail!
The two-headed ogre hits you with a +0 giant spiked club!
The searing ray hits the two-headed ogre.
The two-headed ogre is severely wounded.
The two-headed ogre hits you with a +0 dire flail.
The two-headed ogre hits you with a +0 giant spiked club!
The searing ray hits the two-headed ogre.
The two-headed ogre is severely wounded.
The searing ray hits the two-headed ogre!
The two-headed ogre is almost dead.
You finish channelling your searing ray.
The two-headed ogre hits you but does no damage.
The two-headed ogre hits you with a +0 giant spiked club!!
There is a stone staircase leading up here.
The two-headed ogre hits you but does no damage.
The two-headed ogre misses you.
You climb upwards.
Level annotation: 1 exclusion
There is a stone staircase leading down here.
The two-headed ogre hits you with a +0 dire flail!
The two-headed ogre hits you with a +0 giant spiked club!!
You die...
Kikubaaqudgha rasps: "You have failed me!
Welcome... death!"

#.########[....................
#.........................#####
#..............................
#..............................
#........######################
#....!...#..............##.....
#.######.'..............##.....
#........#..............##.....
#........#....@.........##.....
#........#...O####.....#####'##
#.......##....####.....#.......
#.#####.#......#.......#.......
#.# #.#......#.......#.......
#.# #.#......#.......#.......
#.#####.'......#.......#.......
#.......#......#.......#.......
#.......#......#.).....#....##.


You could see a two-headed ogre.

Vanquished Creatures
  6 spriggans (Bailey)
  A shadow (D:10)
  A steam dragon (D:8)
  Menkaure (D:6)
  3 water moccasins
  An acid dragon (Bailey)
  3 black bears
  A sky beast (D:7)
  A necrophage (D:5)
  5 orc warriors
  5 centaurs
  7 ogres
  2 lemures (D:7)
  4 bullfrogs (D:9)
  4 kobold brigands (D:8)
  A scorpion (D:5)
  8 wights (D:8)
  4 howler monkeys
  3 centaur zombies
  4 orc priests
  A bullfrog skeleton (D:6)
  3 hounds
  Ijyb (D:2)
  5 iguanas
  9 orc wizards
  A howler monkey zombie (D:10)
  10 adders
  4 river rats (Sewer)
  A shadow imp (D:6)
  3 adder skeletons
  A worm (Sewer)
  2 dart slugs (D:1)
  20 orcs
  11 bats
  12 endoplasms
  7 giant cockroaches
  7 goblins
  4 hobgoblins
  6 jackals
  11 kobolds
  5 quokkas
  9 ball pythons
  4 frilled lizards
  11 rats
213 creatures vanquished.

Vanquished Creatures (collateral kills)
  A two-headed ogre (Bailey)
1 creature vanquished.

Vanquished Creatures (others)
  A wizard (D:7)
  41 plants (D:9)
42 creatures vanquished.

Grand Total: 256 creatures vanquished

Notes
Turn   | Place    | Note
-------+----------+-------------------------------------------
     0 | D:1      | DildoBatman the Formicid Conjurer began the quest for the
                  | Orb.
     0 | D:1      | Reached XP level 1. HP: 13/13 MP: 3/3
   166 | D:1      | Reached XP level 2. HP: 19/19 MP: 0/5
   170 | D:1      | Learned a level 2 spell: Searing Ray
   321 | D:1      | Reached XP level 3. HP: 22/24 MP: 1/6
   983 | D:2      | Reached XP level 4. HP: 30/30 MP: 7/7
  1968 | D:3      | Noticed Ijyb
  2156 | D:3      | Reached skill level 5 in Conjurations
  2164 | D:3      | Found a glowing drain.
  2168 | Sewer    | Entered a sewer
  2343 | Sewer    | Reached skill level 1 in Armour
  2490 | Sewer    | Reached skill level 1 in Fighting
  2490 | Sewer    | Reached XP level 5. HP: 27/32 MP: 4/8
  3120 | D:3      | Reached XP level 6. HP: 44/44 MP: 6/10
  3509 | D:3      | Identified the +5 scale mail "Palen" {rN+ Int+2 Dex+2}
  3777 | D:4      | Noticed Blork the orc
  3878 | D:4      | Found a staircase to the Ecumenical Temple.
  3879 | D:4      | Found Nuabo Nia's Antique Weapon Shoppe.
  3887 | Temple   | Entered the Ecumenical Temple
  4056 | Temple   | Became a worshipper of Kikubaaqudgha
  4510 | D:2      | Killed Ijyb
  4558 | D:5      | Entered Level 5 of the Dungeon
  4821 | D:5      | Noticed an ogre
  4821 | D:5      | Noticed a necrophage
  4845 | D:5      | Killed an ogre
  4846 | D:5      | Reached XP level 7. HP: 50/50 MP: 3/13
  5077 | D:5      | Reached skill level 5 in Spellcasting
  5080 | D:5      | Reached XP level 8. HP: 36/56 MP: 3/17
  5716 | D:6      | Noticed Menkaure
  5767 | D:6      | Killed Menkaure
  6226 | D:7      | Reached XP level 9. HP: 40/66 MP: 7/19
  6286 | D:7      | Noticed Joseph
  6342 | D:7      | Reached * piety under Kikubaaqudgha
  6342 | D:7      | Received a gift from Kikubaaqudgha
  6343 | D:7      | Reached skill level 5 in Fighting
  6343 | D:7      | Reached skill level 5 in Armour
  6354 | D:7      | Learned a level 2 spell: Sublimation of Blood
  6943 | D:7      | Noticed Pikel
  7024 | D:7      | Found Pegy's Antique Armour Boutique.
  7204 | D:7      | Found a bloodstained altar of Trog.
  7207 | D:7      | Noticed a wizard
  7213 | D:7      | Killed a wizard
  7612 | D:8      | Found a flagged portal.
  7989 | Bailey   | Entered a bailey
  8015 | Bailey   | Reached ** piety under Kikubaaqudgha
  8016 | Bailey   | Reached XP level 10. HP: 47/62 MP: 14/20
  8066 | Bailey   | HP: 3/65 [spriggan/+0 spear (2)]
  8294 | Bailey   | Identified the +1 shortbow of Extermination {vorpal, rElec}
  8360 | Bailey   | Gained mutation: You are weak. (Str -2) [potion of
                  | mutation]
  8361 | Bailey   | Identified 3 scrolls of acquirement
  8458 | Bailey   | Reached skill level 5 in Dodging
  8818 | Bailey   | Noticed a two-headed ogre
  8844 | Bailey   | Killed a two-headed ogre
  9060 | D:8      | Learned a level 2 spell: Wereblood
  9451 | D:8      | Reached skill level 1 in Transmutations
  9673 | D:8      | Learned a level 5 spell: Borgnjor's Vile Clutch
  9721 | D:9      | Reached skill level 1 in Earth Magic
  9785 | D:9      | Reached skill level 1 in Necromancy
  9877 | D:9      | Noticed a komodo dragon
 10027 | D:9      | Reached XP level 11. HP: 82/87 MP: 21/21
 10119 | D:9      | Reached *** piety under Kikubaaqudgha
 10119 | D:9      | Received a gift from Kikubaaqudgha
 10125 | D:9      | Learned a level 4 spell: Dispel Undead
 10377 | D:9      | Found a staircase to the Lair.
 10895 | D:10     | Entered Level 10 of the Dungeon
 11103 | D:10     | Noticed a two-headed ogre
 11134 | D:10     | Noticed a two-headed ogre
 11479 | D:10     | Found a staircase to the Orcish Mines.
 11629 | D:9      | Slain by a two-headed ogre

Illustrated notes

Levels and vault maps discovered:
D:1:      dpeg_arrival_water_temple_mockup, layout_basic
D:2:      layout_basic, minmay_misc_feat_hallway, hangedman_decor_push
D:3:      layout_loops_cross, gup_sewer_entry_bowl,
          chequers_serial_rivers_room_a, nicolae_underground_beach, uniq_ijyb
D:4:      wander_river, layout_loops_ring, minmay_temple_entry_drinking_statues,
          serial_shops, nicolae_square_shop, uniq_blork_the_orc
D:5:      layout_rooms, kennysheep_generic_room_12
D:6:      layout_basic, dk_noncrumbling_3, uniq_menkaure
D:7:      layout_loops_ring, trog_wizard, serial_shops, shop, uniq_joseph,
          uniq_pikel
D:8:      layout_basic, enter_bailey_2, minivault_19, chequers_jeans,
          kennysheep_nondescript, dk_noncrumbling_4, minmay_unpleasant_kobolds
D:9:      layout_stronghold, david_lair_shrubbed, dk_vineyard_2,
          chequers_serial_rivers_micro_d
D:10:     layout_basic, david_orc_2
Temple:   kilobyte_greek_temple

Skill      XL: |  1  2  3  4  5  6  7  8  9 10 11 |
---------------+----------------------------------+-----
Conjurations   | 4 5 6 |  6.0
Armour         | 1 2 4 7 8 |  8.9
Fighting       | 1 2 4 6 8 |  8.4
Spellcasting   | 3 4 6 7 |  7.0
Dodging        | 3 5 |  5.6
Transmutations | 1 |  1.2
Earth Magic    | 2 4 |  4.7
Necromancy     | 1 3 |  3.9
Stealth        | |  2.4

Action                   |  1- 3 |  4- 6 |  7- 9 | 10-12 || total
-------------------------+-------+-------+-------+-------++-------
Melee: Dagger            |    28 |       |     4 |       ||    32
       Unarmed           |     6 |       |       |       ||     6
       Falchion          |       |       |     9 |       ||     9
       Halberd           |       |       |     9 |       ||     9
       Morningstar       |       |       |     3 |    84 ||    87
 Fire: Hunting sling     |     6 |    99 |    55 |       ||   160
       Shortbow          |       |       |       |    14 ||    14
 Cast: Magic Dart        |    18 |    36 |     5 |     8 ||    67
       Searing Ray       |     6 |    25 |    59 |    37 ||   127
 Abil: Dig               |       |     3 |     5 |     1 ||     9
  Use: Potion            |       |     2 |     1 |     3 ||     6
       Scroll            |       |       |       |     9 ||     9
 Stab: Sleeping          |       |       |     1 |       ||     1
Armor: Robe              |     4 |    13 |    15 |       ||    32
       Scale mail        |       |       |    27 |   116 ||   143
Dodge: Dodged            |    25 |    39 |    79 |   105 ||   248
